 Dungeon Crawl Stone Soup version 0.29.1-2-gbd0b4ee654 (webtiles) character file.

Game seed: 11424731990761226614

588 KittyFluff the Cudgeller (level 7, 0/66 HPs)
             Began as a Gargoyle Berserker on Oct 27, 2022.
             Was a Believer of Trog.
             Slain by Eustachio
             ... wielding a +2 rapier of holy wrath
              (5 damage)
             ... on level 4 of the Dungeon.
             The game lasted 00:15:53 (2807 turns).

KittyFluff the Cudgeller (Gargoyle Berserker)       Turns: 2807, Time: 00:15:54

Health: 0/66       AC:  9    Str: 21      XL:     7   Next: 38%
Magic:  7/7        EV: 12    Int:  7      God:    Trog [**....]
Gold:   166        SH:  0    Dex: 10 (11) Spells: 6/6 levels left

rFire   . . .      SeeInvis .   a - +0 mace
rCold   . . .      Faith    .   (no shield)
rNeg    + . .      Spirit   .   r - +1 robe
rPois   ∞          Reflect  .   (no helmet)
rElec   +          Harm     .   k - +0 cloak
rCorr   .          Rampage  .   (no gloves)
Will    .....                   (no boots)
Stlth   ..........              (no amulet)
HPRegen 0.21/turn               (no ring)
MPRegen 0.10/turn               (no ring)

@: berserking, very quick
A: sickness immunity, AC +4, negative energy resistance 1, electricity
resistance, torment resistance 1, petrification resistance
a: Renounce Religion, Berserk, Trog's Hand


You were on level 4 of the Dungeon.
You worshipped Trog.
Trog was pleased with you.
You visited 1 branch of the dungeon, and saw 4 of its levels.

You collected 166 gold pieces.

Inventory:

Hand Weapons
 a - a +0 mace (weapon)
 g - a +0 sling
 i - a +1 dagger of distortion
 p - a +0 whip of flaming
Armour
 f - a +0 leather armour
 k - a +0 cloak (worn)
 r - a +1 robe (worn)
Jewellery
 m - a ring of fire
Scrolls
 b - a scroll of identify
 d - a scroll of fear {unknown}
 h - a scroll of immolation {unknown}
 j - a scroll of noise {unknown}
 n - a scroll of vulnerability {unknown}
 o - 2 scrolls of teleportation {unknown}
 q - a scroll of blinking {unknown}
Potions
 c - 2 potions of mutation
 e - 2 potions of curing


   Skills:
 + Level 4.8 Fighting
 + Level 5.7 Maces & Flails
 * Level 4.2 Armour
 + Level 3.0 Dodging
 + Level 1.3 Stealth


You had 6 spell levels left.
You didn't know any spells.
Your spell library was empty.

Dungeon Overview and Level Annotations

Branches:
Dungeon (4/15)
 Temple: D:4-7

Altars:
Wu Jian
Zin

Annotations:
D:4 Eustachio


Innate Abilities, Weirdness & Mutations

You are immune to sickness and miasma.
Your stone body is resilient. (AC +4)
You are immune to poison.
You resist negative energy. (rN+)
You are resistant to electric shocks. (rElec)
You are resistant to unholy torment.
You are immune to petrification.


Message History

The ogre misses you.
You hit the ogre but do no damage.
The ogre is moderately wounded.
You sock the ogre!
The ogre is severely wounded.
The ogre barely misses you.
You barely miss the ogre.
The ogre is severely wounded.
Eustachio mumbles some strange words.
The ogre closely misses you.
Eustachio hits you with a +2 rapier of holy wrath.
You sock the ogre!
You kill the ogre!
Trog accepts your kill.
Eustachio hits you with a +2 rapier of holy wrath.
Your Dodging skill increases to level 3!
You closely miss Eustachio. Your punch misses Eustachio.
Eustachio casts a spell.
You hit Eustachio.
Eustachio is lightly wounded.
Eustachio mumbles some strange words.
The river rat barely misses you.
You closely miss Eustachio.
Eustachio is lightly wounded.
The iron imp disappears in a puff of smoke!
Eustachio hits you with a +2 rapier of holy wrath!
* * * LOW HITPOINT WARNING * * *
The river rat barely misses you.
A red film seems to cover your vision as you go berserk!
You feel yourself moving faster!
You feel mighty! The river rat bites you.
* * * LOW HITPOINT WARNING * * *
Eustachio barely misses you. The white imp gestures at you.
The puff of frost hits you!
* * * LOW HITPOINT WARNING * * *
The crimson imp blinks!
You miss Eustachio.
Eustachio is lightly wounded.
Eustachio hits you with a +2 rapier of holy wrath.
You die...

≈≈≈.≈≈≈≈≈.≈..#........
≈.≈_≈.≈...≈.≈..#........
≈.≈.≈.≈.≈.≈.≈..#........
≈.≈...≈.≈_≈.≈.##########
≈.≈≈≈≈≈.≈≈≈.≈[#######
≈.....≈.....≈.......#
≈≈≈≈≈.≈≈≈≈≈≈≈.).....####
......@.................
#§5r@................
+..5.....:...........
#....................
#######..............
##########..... #.....
#..... #..... #...).


You could see Eustachio, a river rat (summoned), a white imp (summoned) and a
shadow imp (summoned).

Vanquished Creatures
  Pikel (D:4)
  An ogre (D:4)
  2 adders
  2 worms
  2 dart slugs
  6 ball pythons
  6 endoplasms
  4 giant cockroaches
  4 goblins
  5 hobgoblins
  4 kobolds
  2 quokkas
  4 bats
  A frilled lizard (D:1)
  5 rats
49 creatures vanquished.

Vanquished Creatures (others)
  A plant (D:3)
1 creature vanquished.

Grand Total: 50 creatures vanquished

Notes
Turn   | Place    | Note
-------+----------+-------------------------------------------
     0 | D:1      | KittyFluff the Gargoyle Berserker began the quest for the
                  | Orb.
     0 | D:1      | Reached XP level 1. HP: 14/14 MP: 1/1
   185 | D:1      | Reached XP level 2. HP: 20/20 MP: 2/2
   753 | D:1      | Reached XP level 3. HP: 22/24 MP: 3/3
  1150 | D:2      | Found a faded altar of an unknown god.
  1301 | D:2      | Reached ** piety under Trog
  1671 | D:3      | Reached skill level 4 in Maces & Flails
  2187 | D:3      | Reached XP level 4. HP: 27/29 MP: 4/4
  2520 | D:4      | Found an ornate altar of the Wu Jian Council.
  2527 | D:4      | Found a glowing silver altar of Zin.
  2537 | D:4      | Noticed a lemure
  2537 | D:4      | Noticed a lemure
  2538 | D:4      | Noticed Eustachio
  2539 | D:4      | Noticed Pikel
  2543 | D:4      | Noticed a lemure
  2547 | D:4      | Noticed a lemure
  2558 | D:4      | Killed Pikel
  2559 | D:4      | Reached skill level 5 in Maces & Flails
  2559 | D:4      | Reached skill level 1 in Stealth
  2559 | D:4      | Reached XP level 5. HP: 27/34 MP: 5/5
  2559 | D:4      | Reached XP level 6. HP: 31/39 MP: 6/6
  2559 | D:4      | Reached XP level 7. HP: 35/44 MP: 7/7
  2807 | D:4      | Slain by Eustachio

Illustrated notes

Levels and vault maps discovered:
D:1:      lightli_arrival_farm, layout_loops_ring
D:2:      layout_rooms, hellmonk_ecumenical_altar_pennies_from_heaven,
          nicolae_underground_beach
D:3:      layout_loops_ring, serial_forest, infiniplex_forest_lined_3,
          infiniplex_forest_clump_medium, infiniplex_forest_lined_ring,
          infiniplex_forest_pool, infiniplex_forest_clump_tiny,
          infiniplex_forest_straight_5, infiniplex_forest_lined_3
D:4:      layout_basic, mainiacjoe_overflow_catwalk_spiral, uniq_eustachio,
          uniq_pikel

Skill      XL: |  1  2  3  4  5  6  7 |
---------------+----------------------+-----
Fighting       | 4 |  4.8
Maces & Flails | 4 5 |  5.7
Armour         | 4 |  4.2
Dodging        | 2 3 |  3.0
Stealth        | 1 |  1.3

Action                   |  1- 3 |  4- 6 |  7- 9 || total
-------------------------+-------+-------+-------++-------
Melee: Mace              |   101 |    33 |    26 ||   160
Invok: Berserk           |     1 |     1 |     1 ||     3
  Use: Scroll            |       |     2 |       ||     2
 Stab: Sleeping          |       |     1 |       ||     1
Armor: Animal skin       |    27 |       |       ||    27
       Robe              |     7 |    20 |    30 ||    57
Dodge: Dodged            |    54 |    30 |    45 ||   129
